 Dungeon Crawl Stone Soup version 0.18-a0-1303-g41c131c (webtiles) character file.

53 nuthulu the Insei (level 3, -1/26 HPs)
             Began as a Demonspawn Transmuter on Feb 12, 2016.
             Slain by a gnoll
             ... wielding a +0 spear
              (6 damage)
             ... on level 2 of the Dungeon.
             The game lasted 00:03:41 (2333 turns).

nuthulu the Insei (Demonspawn Transmuter)           Turns: 2333, Time: 00:03:41

Health: -1/26      AC:  3    Str: 10    XL:     3   Next: 62%
Magic:  2/6        EV: 12    Int: 15    God:
Gold:   21         SH:  0    Dex: 13    Spells: 3 memorised, 1 level left

rFire  . . .     SeeInvis .       - Unarmed
rCold  . . .     Gourm    .     b - +0 robe
rNeg   . . .     Faith    .     (no shield)
rPois  .         Spirit   .     (helmet restricted)
rElec  .         Dismiss  .     (no cloak)
rCorr  .         Reflect  .     f - +0 pair of gloves
SustAt .         Harm     .     (boots currently unavailable)
MR     .....                    (no amulet)
Stlth  +.........               (no ring)
                                (no ring)

@: appendage, very slightly contaminated, not resistant to hostile enchantments,
very unstealthy
A: antennae 2, talons 3
a: End Transformation


You were on level 2 of the Dungeon.
You were very hungry.
You had grown temporary talons.
You visited 1 branch of the dungeon, and saw 2 of its levels.

You collected 21 gold pieces.

Inventory:

Missiles
 a - 12 arrows
Armour
 b - a +0 robe (worn)
 f - a +0 pair of gloves (worn)
Jewellery
 e - a +3 ring of strength {unknown}
Scrolls
 g - a scroll of teleportation
Potions
 j - a potion of magic {unknown}
 k - a potion of flight {unknown}
Books
 c - a book of Changes

   Spells                             Type                      Level
   a - Beastly Appendage              Transmutation                1
   b - Sticks to Snakes               Transmutation                2
   c - Spider Form                    Transmutation/Poison         3
   d - Ice Form                       Ice/Transmutation            4
   e - Blade Hands                    Transmutation                5
Comestibles
 d - a bread ration
 h - a meat ration


   Skills:
 - Level 1.0 Fighting
 - Level 1.7 Dodging
 + Level 3.3 Unarmed Combat
 + Level 2.5 Spellcasting
 + Level 2.4 Transmutations
 + Level 0.4 Poison Magic


You had one spell level left.
You knew the following spells:

 Your Spells              Type           Power        Failure   Level  Hunger
a - Beastly Appendage     Trmt           #.....       10%         1    #......
b - Sticks to Snakes      Trmt           #.......     12%         2    ###....
c - Spider Form           Trmt/Pois      #.........   34%         3    ###....


Dungeon Overview and Level Annotations

Branches:
Dungeon (2/15)

Altars:
Okawaru


Innate Abilities, Weirdness & Mutations

You have a pair of antennae on your head.
You have claws for feet.


Message History

You miscast Spider Form.
You are very lightly contaminated with residual magic.
You feel a strange surge of energy! The gnoll hits you with a spear.
Unknown command.
Casting: Spider Form
Confirm with . or Enter, or press ? or * to list all spells.
You don't have enough magic to cast that spell.
Casting: Spider Form
Confirm with . or Enter, or press ? or * to list all spells.
You extend your transformation's duration.
The gnoll hits you with a spear.
Unknown command.
You hit the gnoll.
The gnoll is moderately wounded.
The gnoll hits you with a spear.
* * * LOW HITPOINT WARNING * * *
You hit the gnoll but do no damage. Your kick misses the gnoll.
The gnoll is moderately wounded.
The gnoll hits you with a spear.
You die...

...#######
##.#######....
##.............
...#######. ...
#### ..#####
..... .g. #g#
#@# #.# #.#
###.# #.# .....
#.# ..... #.#
#### #.#.# #.#
#.#.# #.# #.#
#.#.#


You could see a gnoll and a hobgoblin.

Vanquished Creatures
  A gnoll (D:1)
  An ooze (D:1)
  A worm (D:2)
  2 giant geckos (D:1)
  2 giant cockroaches (D:1)
  3 goblins
  A hobgoblin (D:1)
  3 jackals (D:2)
  3 kobolds (D:1)
  A quokka (D:2)
  6 bats
  2 giant newts (D:1)
  9 rats
35 creatures vanquished.

Notes
Turn   | Place    | Note
--------------------------------------------------------------
     0 | D:1      | nuthulu the Demonspawn Transmuter began the quest for the Orb.
     0 | D:1      | Reached XP level 1. HP: 15/15 MP: 3/3
    37 | D:1      | Lost mutation: You have a pair of horns on your head. [demonic ancestry]
    37 | D:1      | Lost mutation: You have a pair of small horns on your head. [demonic ancestry]
    37 | D:1      | Gained mutation: You have a pair of small antennae on your head. [demonic ancestry]
    37 | D:1      | Reached XP level 2. HP: 8/21 MP: 3/5
    58 | D:1      | Learned a level 2 spell: Sticks to Snakes
   170 | D:1      | Reached skill level 3 in Unarmed Combat
   884 | D:1      | Gained mutation: You have a pair of antennae on your head. [demonic ancestry]
   884 | D:1      | Reached XP level 3. HP: 4/26 MP: 3/6
   900 | D:1      | Learned a level 3 spell: Spider Form
   904 | D:1      | HP: 1/26 [bat (1)]
  1738 | D:2      | Found an iron altar of Okawaru.
  2333 | D:2      | Slain by a gnoll

Vault maps used:
D:1:      dpeg_arrival_ratfight
D:2:      okawaru_trees_1, kennysheep_generic_room_14, uniq_iyjb

Action                   || total
-------------------------++-------
Melee: Unarmed           ||   144
 Cast: Beastly Appendage ||    29
       Spider Form       ||     1
  Use: Scroll            ||     2
  Eat: Chunk             ||     4
